 Dungeon Crawl Stone Soup version 0.25.0-10-g039870ee82 (webtiles) character file.

Game seed: 18041590640757440607

38221 Flugkiller the Cleaver (level 13, -13/127 HPs)
             Began as a Deep Dwarf Fighter on June 23, 2020.
             Was a High Priest of Makhleb.
             Mangled by an enormous slime creature (77 damage)
             ... on level 13 of the Dungeon.
             The game lasted 00:10:04 (10863 turns).

Flugkiller the Cleaver (Deep Dwarf Fighter)        Turns: 10863, Time: 00:10:04

Health: -13/127    AC: 21    Str: 23    XL:     13   Next: 62%
Magic:  6/6        EV: 10    Int: 11    God:    Makhleb [*****.]
Gold:   643        SH: 12    Dex: 15    Spells: 12/12 levels left

rFire    + . .     SeeInvis +   a - +4 war axe (freeze)
rCold    . . .     Gourm    .   c - +0 kite shield
rNeg     + + +     Faith    .   j - +1 plate armour
rPois    +         Spirit   .   B - +0 helmet of the Endless Expanse {rPois rF+ rN+++ MR-}
rElec    .         Reflect  .   k - +0 cloak
rCorr    .         Harm     .   (no gloves)
MR       .....                  J - +1 pair of boots {Stlth+}
Stlth    ..........             d - amulet "Bappor" {RegenMP Dex+3 SInv}
HPRegen  0.00/turn              (no ring)
MPRegen  0.35/turn              l - +4 ring of evasion

@: non-regenerating
A: damage resistance, heal wounds, sense surroundings 2, no regeneration
a: Heal Wounds, Minor Destruction, Lesser Servant of Makhleb, Major Destruction,
Greater Servant of Makhleb, Renounce Religion


You were on level 13 of the Dungeon.
You worshipped Makhleb.
Makhleb was extremely pleased with you.
You were not hungry.

You visited 3 branches of the dungeon, and saw 18 of its levels.
You also visited: Gauntlet and Volcano.

You collected 818 gold pieces.
You spent 175 gold pieces at shops.

Inventory:

Hand Weapons
 a - a +4 war axe of freezing (weapon)
   (You took it off a wight on level 7 of the Dungeon)
 b - a +2 war axe of flaming
   (You found it in a Gauntlet)
Missiles
 p - 3 throwing nets (quivered)
 u - 5 curare-tipped darts
Armour
 c - a +0 kite shield (worn)
 j - a +1 plate armour (worn)
   (You found it on level 4 of the Dungeon)
 k - a +0 cloak (worn)
   (You found it on level 7 of the Dungeon)
 B - the +0 helmet of the Endless Expanse (worn) {rPois rF+ rN+++ MR-}
   (You found it in a Gauntlet)

   It protects you from fire.
   It protects you from poison.
   It renders you almost immune to negative energy.
   It affects your resistance to hostile enchantments.
 G - a +1 helmet
   (You found it on level 2 of the Lair of Beasts)
 J - a +1 pair of boots of stealth (worn)
   (You found it on level 2 of the Lair of Beasts)
Jewellery
 d - the amulet "Bappor" (around neck) {RegenMP Dex+3 SInv}
   (You found it on level 2 of the Lair of Beasts)

   [amulet of magic regeneration]

   It increases your magic regeneration.
   It affects your dexterity (+3).
   It lets you see invisible.
 g - an uncursed ring of fire
   (You found it on level 5 of the Dungeon)
 l - a +4 ring of evasion (right hand)
   (You found it on level 4 of the Dungeon)
 q - a +4 ring of protection {unknown}
   (You found it on level 10 of the Dungeon)
 v - a +4 ring of evasion
   (You found it on level 12 of the Dungeon)
 w - a cursed ring of teleportation {unknown}
   (You found it on level 11 of the Dungeon)
 F - a +6 ring of strength {unknown}
   (You found it on level 2 of the Lair of Beasts)
Wands
 D - a wand of iceblast (8)
   (You found it in a Gauntlet)
 K - a wand of digging (7)
   (You found it on level 9 of the Dungeon)
 P - a wand of acid (7)
   (You found it on level 13 of the Dungeon)
Scrolls
 f - a scroll of magic mapping
 i - 2 scrolls of enchant weapon
 o - 3 scrolls of fear
 r - 4 scrolls of identify
 t - 8 scrolls of teleportation
 x - 3 scrolls of remove curse
 y - a scroll of silence {unknown}
 A - 2 scrolls of fog
 H - 4 scrolls of enchant armour
Potions
 h - 2 potions of curing {unknown}
 m - 2 potions of lignification {unknown}
 n - a potion of resistance
 s - 6 potions of brilliance
 z - 2 potions of flight
 C - a potion of degeneration
 E - a potion of ambrosia
 I - 2 potions of mutation {unknown}
 L - a potion of invisibility {unknown}
 M - 2 potions of heal wounds {unknown}
 N - a potion of cancellation {unknown}
Comestibles
 e - 18 rations
 O - 15 chunks of flesh


   Skills:
 * Level 11.5 Fighting
 * Level 14.2 Axes
 + Level 10.8 Armour
 + Level 9.9 Shields
 + Level 11.7 Invocations


You had 12 spell levels left.
You didn't know any spells.
Your spell library was empty.

Dungeon Overview and Level Annotations

Branches:
Dungeon (13/15)            Temple (1/1) D:4            Lair (4/6) D:11
 Shoals (0/4) Lair:2        Snake (0/4) Lair:2          Orc (0/2) D:9
Volcano (visited)         Gauntlet (visited)
 Vaults: D:13-14

Altars:
Ashenzari
Cheibriados
Dithmenos
Elyvilon
Fedhas
Hepliaklqana
Makhleb
Nemelex Xobeh
Okawaru
Qazlal
Ru
Sif Muna
Trog
Uskayaw
Vehumet
Wu Jian
Xom
Yredelemnul
The Shining One

Shops:
D:4 (   D:7 (   D:9 (

Portals:
Trove: D:11 (give +3 fire dragon scales)

Annotations:
D:6 exclusions: 2 goblins and 1 more exclusion


Innate Abilities, Weirdness & Mutations

You are resistant to damage.
You can heal yourself by infusing magical energy.
You passively map the area around you.
You do not regenerate.


Message History

You freeze the very large slime creature.
The very large slime creature is moderately wounded.
The very large slime creature hits you!!!
You hear a shout! x2
You slash the very large slime creature!
You freeze the very large slime creature.
The very large slime creature is moderately wounded.
Two slime creatures merge to form an enormous slime creature.
You slash the enormous slime creature! You freeze the enormous slime creature.
The enormous slime creature is moderately wounded.
You hit the enormous slime creature. You freeze the enormous slime creature.
The enormous slime creature is moderately wounded.
A large slime creature splits.
You block the enormous slime creature's attack.
You hit the enormous slime creature. You freeze the enormous slime creature.
The enormous slime creature is moderately wounded.
An orc comes into view. It is wielding a +0 hand axe.
The enormous slime creature hits you!!!!
Ouch! That really hurt!
You die...

#....##.(....# ** .#
####..#.####.# * ########.#
##...## .## * #.........
###..###..#* #.........
###.....#.# #.###^........
###...###.<.####.............
##...###
##.....#####..<...... ##..###
##..#..# #......... # #..##
##@# .. #......... # #.##
##J# #J........... ###.#
JJ.###.#...##### ....# ,
.......#.### ##.###### +,
..........* #.........* ,
,**......##..# .....##### *
*....... ... * ......# *
o.....# [##. ......# * , , ,


You could see an enormous slime creature, 2 slime creatures and an orc.

Vanquished Creatures
  Josephine (D:11)
  A hydra (D:11)
  Erolcha (D:11)
  A death knight (D:12)
  2 centaur warriors (D:13)
  3 two-headed ogres
  5 skeletal warriors (D:12)
  A fire crab (Lair:2)
  3 unseen horrors (D:11)
  2 ugly things (D:11)
  Maurice (D:8)
  A merfolk siren (Lair:2)
  5 elephants (Lair:3)
  2 molten gargoyles (Lair:4)
  2 black mambas
  A spiny frog (Lair:3)
  A smoke demon (Gauntlet)
  2 rime drakes (Lair:4)
  A komodo dragon (Lair:2)
  A freezing wraith (D:12)
  A merfolk (D:9)
  2 trolls
  A polar bear (Lair:3)
  7 hippogriffs
  3 fire bats (Lair:2)
  8 shadows (Gauntlet)
  6 wraiths
  A basilisk (Lair:1)
  28 yaks
  A fire elemental (Lair:2)
  A steam dragon (D:12)
  A warg (D:9)
  2 nagas (Lair:2)
  An acid dragon (D:11)
  5 water moccasins
  4 porcupines
  An orc warrior (D:11)
  2 ice beasts (D:9)
  2 phantoms (D:5)
  2 sky beasts
  A hornet zombie (D:13)
  2 black bears (D:10)
  A necrophage (D:9)
  24 wolves
  6 ogres
  8 centaurs
  3 crocodiles
  13 bullfrogs
  A wyvern skeleton (D:6)
  5 scorpions
  A water moccasin zombie (D:9)
  11 wights
  4 howler monkeys
  5 lava snakes (Lair:4)
  10 crimson imps
  A bullfrog zombie (D:4)
  6 hounds
  2 jellies
  2 gnoll shamans (D:7)
  9 orc priests
  12 orc wizards
  2 bullfrog skeletons
  6 centaur skeletons
  Natasha (D:2)
  4 iguanas
  3 worker ants
  16 adders
  17 gnolls
  A shadow imp (D:9)
  2 adder zombies
  2 adder skeletons
  2 worms
  A dart slug (D:1)
  5 leopard geckos
  46 orcs
  2 bats
  3 goblins
  4 hobgoblins
  6 jackals
  2 kobolds (D:1)
  11 quokkas
  2 ball pythons
  2 plants (D:11)
383 creatures vanquished.

Vanquished Creatures (collateral kills)
  A minotaur (Gauntlet)
  A hydra (Lair:1)
  A skeletal warrior (D:12)
  A centaur skeleton (D:11)
  A freezing wraith (D:12)
  2 yaks (Lair:1)
  A porcupine (Lair:1)
  A black bear (D:12)
  2 wolves (Lair:1)
  A bullfrog zombie (D:12)
  An orc wizard (D:11)
  An orc (D:11)
14 creatures vanquished.

Vanquished Creatures (others)
  A fungus (Lair:3)
  A plant (Lair:3)
  A withered plant (Gauntlet)
3 creatures vanquished.

Grand Total: 400 creatures vanquished

Notes
Turn   | Place    | Note
-------+----------+-------------------------------------------
     0 | D:1      | Flugkiller the Deep Dwarf Fighter began the quest for the
                  | Orb.
     0 | D:1      | Reached XP level 1. HP: 20/20 MP: 1/1
    49 | D:1      | Reached XP level 2. HP: 24/27 MP: 2/2
   140 | D:2      | Noticed Natasha
   147 | D:2      | Killed Natasha
   147 | D:2      | Reached skill level 3 in Axes
   147 | D:2      | Reached XP level 3. HP: 24/34 MP: 3/3
   212 | D:4      | Reached XP level 4. HP: 26/42 MP: 3/3
   245 | D:4      | Found a staircase to the Ecumenical Temple.
   388 | Temple   | Entered the Ecumenical Temple
   643 | D:4      | Reached skill level 4 in Axes
   643 | D:4      | Reached XP level 5. HP: 38/49 MP: 4/4
   665 | D:4      | Found a burning altar of Makhleb.
   720 | D:4      | Found a radiant altar of Vehumet.
   737 | D:4      | Became a worshipper of Makhleb the Destroyer
   756 | D:4      | Found a shimmering altar of Xom.
   757 | D:4      | Found a shimmering blue altar of Sif Muna.
   936 | D:4      | Reached XP level 6. HP: 54/56 MP: 5/5
  1111 | D:4      | Found Tujauz's Antique Weapon Shoppe.
  1127 | D:4      | Reached skill level 1 in Invocations
  1276 | D:5      | Entered Level 5 of the Dungeon
  1280 | D:5      | Reached skill level 5 in Axes
  1347 | D:5      | Noticed a sky beast
  1367 | D:5      | Reached * piety under Makhleb
  1415 | D:5      | Killed a sky beast
  1415 | D:5      | Reached XP level 7. HP: 23/64 MP: 5/5
  1430 | D:5      | Reached skill level 5 in Armour
  1478 | D:5      | Found a shimmering altar of Xom.
  1524 | D:5      | Reached skill level 6 in Axes
  1732 | D:5      | Reached XP level 8. HP: 51/73 MP: 6/6
  1907 | D:5      | Reached skill level 7 in Axes
  2130 | D:6      | Reached skill level 5 in Fighting
  2155 | D:6      | Found an ornate altar of the Wu Jian Council.
  2197 | D:6      | Found a basalt altar of Yredelemnul.
  2363 | D:6      | Reached ** piety under Makhleb
  2363 | D:6      | Reached skill level 5 in Invocations
  2568 | D:7      | Found Qobes's Antique Weapon Shop.
  2616 | D:7      | Reached skill level 8 in Axes
  2768 | D:7      | Noticed a two-headed ogre
  2785 | D:7      | Killed a two-headed ogre
  2785 | D:7      | Reached skill level 5 in Shields
  2785 | D:7      | Gained mutation: You passively map the area around you.
                  | [Deep Dwarf growth]
  2785 | D:7      | Reached XP level 9. HP: 59/82 MP: 9/9
  3044 | D:7      | Reached skill level 9 in Axes
  3285 | D:8      | Reached *** piety under Makhleb
  3299 | D:8      | Noticed a two-headed ogre
  3326 | D:8      | Killed a two-headed ogre
  3462 | D:8      | Noticed Maurice
  3469 | D:8      | Reached XP level 10. HP: 92/92 MP: 9/9
  3500 | D:8      | Killed Maurice
  3862 | D:9      | Reached skill level 10 in Axes
  3973 | D:9      | Found Aratob's Antique Weapon Shop.
  3977 | D:9      | Reached **** piety under Makhleb
  3982 | D:9      | Bought a runed war axe for 175 gold pieces
  4072 | D:9      | Found a staircase to the Orcish Mines.
  4181 | D:9      | Found a hide-covered altar of Uskayaw.
  4182 | D:9      | Found a white marble altar of Elyvilon.
  4183 | D:9      | Found a glowing golden altar of the Shining One.
  4515 | D:10     | Entered Level 10 of the Dungeon
  4639 | D:10     | Noticed a two-headed ogre
  4649 | D:10     | Killed a two-headed ogre
  4649 | D:10     | Reached XP level 11. HP: 99/103 MP: 11/11
  4774 | D:10     | Reached skill level 11 in Axes
  5054 | D:11     | Noticed Erolcha
  5077 | D:11     | Reached ***** piety under Makhleb
  5083 | D:11     | Killed Erolcha
  5090 | D:11     | Killed an unseen horror
  5146 | D:11     | Killed an unseen horror
  5194 | D:11     | Noticed an eight-headed hydra
  5202 | D:11     | Killed an 11-headed hydra
  5246 | D:11     | Noticed a green ugly thing
  5247 | D:11     | Noticed a purple ugly thing
  5255 | D:11     | Killed a purple ugly thing
  5261 | D:11     | Killed a green ugly thing
  5375 | D:11     | Found a staircase to the Lair.
  5410 | D:11     | Killed an unseen horror
  5410 | D:11     | Reached skill level 12 in Axes
  5443 | D:11     | Found a portal to a secret trove of treasure.
  5455 | D:11     | Identified the +3 ring mail of Odoury {rC+ Str-5 Stlth+}
  5459 | D:11     | Noticed Josephine
  5478 | D:11     | Killed Josephine
  5906 | Lair:1   | Entered Level 1 of the Lair of Beasts
  6018 | Lair:1   | Noticed a six-headed hydra
  6021 | Lair:1   | Reached XP level 12. HP: 115/115 MP: 13/13
  6069 | Lair:1   | Killed a 17-headed hydra
  6069 | Lair:1   | Reached skill level 10 in Invocations
  6124 | Lair:1   | Reached skill level 10 in Fighting
  6771 | Lair:2   | Found a transporter.
  6787 | Lair:2   | Found a staircase to the Shoals.
  6819 | Lair:2   | Found a dark tunnel.
  6824 | Volcano  | Entered a volcano
  6840 | Volcano  | Noticed a centaur warrior
  6899 | Lair:2   | Found a staircase to the Snake Pit.
  6939 | Lair:2   | Found a gate leading to a gauntlet.
  6958 | Lair:2   | Got a shimmering jade amulet
  6965 | Gauntlet | Entered a Gauntlet
  6965 | Gauntlet | Found a transporter.
  6966 | Gauntlet | Identified the amulet "Bappor" {RegenMP Dex+3 SInv} (You
                  | found it on level 2 of the Lair of Beasts)
  6974 | Gauntlet | Found a transporter.
  6975 | Gauntlet | Found a transporter.
  6980 | Gauntlet | Found a runed translucent door.
  6982 | Gauntlet | Found a runed translucent door.
  6984 | Gauntlet | Found a transporter.
  6986 | Gauntlet | Found a transporter.
  7003 | Gauntlet | Found a transporter.
  7011 | Gauntlet | Found a transporter.
  7021 | Gauntlet | Found a transporter.
  7031 | Gauntlet | Found a transporter.
  7036 | Gauntlet | Found a transporter.
  7063 | Gauntlet | Found a transporter.
  7064 | Gauntlet | Found a transporter.
  7103 | Gauntlet | Noticed a green death
  7116 | Gauntlet | Found a transporter.
  7119 | Gauntlet | Found a transporter.
  7119 | Gauntlet | Found a runed translucent door.
  7213 | Gauntlet | Reached skill level 13 in Axes
  7249 | Gauntlet | Reached skill level 10 in Armour
  7310 | Gauntlet | Got a crude helmet
  7320 | Gauntlet | Identified the cursed +0 helmet of the Endless Expanse
                  | {rPois rF+ rN+++ MR-} (You found it in a Gauntlet)
  7327 | Gauntlet | Noticed a minotaur
  7365 | Gauntlet | Killed a minotaur
  7704 | Lair:2   | Found a transporter.
  8244 | Lair:3   | Reached XP level 13. HP: 103/126 MP: 11/11
 10352 | D:12     | Reached skill level 14 in Axes
 10863 | D:13     | Mangled by an enormous slime creature

Illustrated notes

Levels and vault maps discovered:
D:1:      wheals_arrival_shading, layout_basic
D:2:      layout_loops_ring, marbit_many_paths, overflow_temple_1_default,
          minmay_goblin_kobold_house, uniq_natasha
D:3:      layout_loops_corners, nicolae_overflow_crystal_walls
D:4:      layout_basic, lemuel_doored_altar, grunt_temple_overflow_open,
          lemuel_temple_firewalk_b, serial_shops,
          nicolae_shop_overgrown_old_shop
D:5:      layout_basic, first_ration, basic_altar
D:6:      layout_rooms, yredelemnul_altar_generic,
          nicolae_overflow_hidden_temple, kennysheep_okawaru_gauntlet
D:7:      minmay_chambers_of_sixes, layout_basic, serial_shops,
          nicolae_shop_trees
D:8:      layout_rooms, uniq_maurice
D:9:      layout_loops_cross, chequers_temple_overflow_statue_of_worship,
          erik_orc_3, serial_shops, nicolae_shop_crystal, hangedman_fish_farm
D:10:     layout_rooms
D:11:     layout_loops_ring, dpeg_oklobed_lair, nicolae_trove_entry_crossroad,
          uniq_erolcha, uniq_josephine
D:12:     layout_basic
D:13:     layout_rooms, kennysheep_generic_room_13
Temple:   dpeg_chambers_temple
Lair:1:   layout_regular_city, grunt_forest_large_clearings
Lair:2:   gammafunk_cloud_chamber, layout_regular_city,
          minmay_shoals_entry_lonely_mermaid, guppyfry_snake_entry_garden,
          enter_volcano_4, gauntlet_entry_generic,
          chequers_serial_rivers_micro_d
Lair:3:   layout_gridlike
Lair:4:   cheibrodos_magma_flow, layout_hall_layers, patterned_corridor

Skill      XL: |  1  2  3  4  5  6  7  8  9 10 11 12 13 |
---------------+----------------------------------------+-----
Fighting       | 3 4 5 6 8 9 10 11 | 11.5
Axes           | 3 4 5 6 8 9 10 12 13 14 | 14.2
Armour         | 4 5 6 7 8 9 10 | 10.8
Shields        | 4 5 6 8 9 |  9.9
Invocations    | 2 3 6 7 8 9 10 11 | 11.7

Action                   |  1- 3 |  4- 6 |  7- 9 | 10-12 | 13-15 || total
-------------------------+-------+-------+-------+-------+-------++-------
Melee: War axe           |    43 |   140 |   349 |   617 |   346 ||  1495
       Broad axe         |       |       |    36 |       |       ||    36
Invok: Lesser Servant of |       |       |       |    12 |     2 ||    14
 Abil: Heal Wounds       |     1 |     8 |    17 |    13 |    17 ||    56
  Use: Scroll            |       |       |    10 |     8 |       ||    18
       Potion            |       |       |     1 |       |       ||     1
 Stab: Distracted        |       |       |       |     6 |       ||     6
  Eat: Chunk             |       |     2 |     8 |     8 |     3 ||    21
       Ration            |       |       |       |     3 |     1 ||     4
Armor: Scale mail        |    17 |    18 |       |       |       ||    35
       Plate armour      |       |    63 |   194 |   383 |   117 ||   757
Dodge: Dodged            |    14 |    36 |    72 |   244 |    82 ||   448
Block: Kite shield       |    16 |    78 |   209 |   364 |   160 ||   827
